 Dungeon Crawl Stone Soup version 0.22-a0-362-g535178c (webtiles) character file.

29044 Amnesiac the Reanimator (level 13, -21/98 HPs)
             Began as a Mummy Wizard on Apr 21, 2018.
             Was a High Priest of Sif Muna.
             Killed from afar by an efreet (36 damage)
             ... with a fireball
             ... on level 13 of the Dungeon.
             The game lasted 00:40:30 (22358 turns).

Amnesiac the Reanimator (Mummy Wizard)             Turns: 22358, Time: 00:40:31

Health: -21/98     AC:  8    Str: 11    XL:     13   Next: 13%
Magic:  16/43      EV: 20    Int: 21    God:    Sif Muna [*****.]
Gold:   1034       SH:  0    Dex: 11    Spells: 1/35 levels left

rFire    x . .     SeeInvis .   r - staff of power
rCold    + . .     Gourm    .   (no shield)
rNeg     + + +     Faith    .   y - +0 troll leather armour
rPois    ∞         Spirit   .   j - +0 helmet
rElec    .         Reflect  .   s - +2 cloak {+Inv}
rCorr    .         Harm     .   (no gloves)
MR       +....                  (no boots)
Stlth    +.........             (no amulet)
HPRegen  0.66/turn              E - +4 ring of evasion
MPRegen  0.28/turn              w - ring of wizardry

@: very slightly contaminated, divine energy
A: no food or potions, fire vulnerability, cold resistance 1, negative energy
resistance 3, torment resistance, unbreathing, in touch with death 1
a: Stop Divine Energy, Channel Magic, Forget Spell, Renounce Religion, Evoke
Invisibility


You were on level 13 of the Dungeon.
You worshipped Sif Muna.
Sif Muna was extremely pleased with you.
You were not hungry.

You visited 2 branches of the dungeon, and saw 15 of its levels.

You collected 1034 gold pieces.

Inventory:

Hand Weapons
 a - a +0 dagger of venom
Armour
 j - a +0 helmet (worn)
 s - a +2 cloak of invisibility (worn)
 y - a +0 troll leather armour (worn)
 z - a scarf of spirit shield
Magical Staves
 r - an uncursed staff of power (weapon)
 u - an uncursed staff of air
Jewellery
 w - a ring of wizardry (right hand)
 x - an uncursed ring of flight
 E - a +4 ring of evasion (left hand)
Wands
 b - a wand of flame (34)
 f - a wand of iceblast (7)
 i - a wand of polymorph (14)
 t - a wand of acid (3)
Scrolls
 c - a scroll of brand weapon {!r, unknown}
 d - 11 scrolls of remove curse {!r}
 e - 6 scrolls of identify {!r}
 g - a scroll of acquirement {!r, unknown}
 h - 2 scrolls of amnesia {!r}
 k - a scroll of silence {!r, unknown}
 m - 2 scrolls of magic mapping {!r}
 n - 7 scrolls of teleportation {!r}
 p - 2 scrolls of fog {!r}
 q - a scroll of immolation {!r}
 v - a scroll of vulnerability {!r, unknown}
 A - a scroll of summoning {!r, unknown}
 C - a scroll of fear {!r}
 D - a scroll of blinking {!r}


   Skills:
 - Level 8.0 Fighting
 - Level 9.6 Dodging
 - Level 1.5 Stealth
 - Level 11.5 Spellcasting
 - Level 0.7 Conjurations
 - Level 0.7 Summonings
 - Level 13.0 Necromancy
 - Level 0.7 Translocations
 + Level 7.2 Invocations


You had one spell level left.
You knew the following spells:

 Your Spells              Type           Power        Failure   Level  Hunger
a - Bolt of Draining      Conj/Necr      ######....   4%          5    N/A
b - Call Imp              Summ           ###.....     3%          2    N/A
c - Agony                 Necr           #######.     1%          5    N/A
d - Dispel Undead         Necr           #######.     1%          5    N/A
e - Borgnjor's Vile Clut  Necr/Erth      ######....   6%          5    N/A
f - Vampiric Draining     Necr           #######...   1%          3    N/A
g - Pain                  Necr           ####         1%          1    N/A
h - Mephitic Cloud        Conj/Pois/Air  ##......     9%          3    N/A
s - Conjure Flame         Conj/Fire      ##......     8%          3    N/A
v - Blink                 Tloc           N/A          3%          2    N/A

Dungeon Overview and Level Annotations

Branches:
Dungeon (14/15)            Temple (1/1) D:5            Lair (0/6) D:8
    Orc (0/2) D:12
 Vaults: D:13-14

Altars:
Ashenzari
Cheibriados
Dithmenos
Elyvilon
Fedhas
Gozag
Hepliaklqana
Kikubaaqudgha
Makhleb
Nemelex Xobeh
Okawaru
Qazlal
Ru
Sif Muna
Trog
Uskayaw
Vehumet
Wu Jian
Xom
Yredelemnul
Zin
The Shining One

Shops:
D:4 ::

Annotations:
D:12 exclusion: downstairs


Innate Abilities, Weirdness & Mutations

You do not eat or drink.
Your flesh is vulnerable to fire.
You are immune to poison.
Your flesh is cold resistant. (rC+)
You are immune to negative energy. (rN+++)
You are immune to unholy pain and torment.
You can survive without breathing.
You are in touch with the powers of death.


Message History

Casting: Borgnjor's Vile Clutch (safe; 6% risk of failure)
Confirm with . or Enter, or press ? or * to list all spells.
Okay, then.
Unknown command.
The zombie hands constrict the centaur warrior!
The zombie hands constrict the tengu warrior!
You kill the tengu warrior!
Sif Muna accepts your kill.
The centaur warrior escapes!
Casting: Borgnjor's Vile Clutch (safe; 6% risk of failure)
Confirm with . or Enter, or press ? or * to list all spells.
Aiming: Borgnjor's Vile Clutch (safe; 6% risk of failure)
Press: ? - help, Dir - move target cursor, f/p - komodo dragon
Aim: a komodo dragon (heavily wounded)
You feel a surge of power!
Decaying hands burst forth from the earth!
Zombie hands grab the komodo dragon.
Zombie hands grab the centaur warrior.
The zombie hands constrict the komodo dragon!
The zombie hands constrict the centaur warrior.
You kill the centaur warrior!
Sif Muna accepts your kill.
Your Invocations skill increases to level 7!
The komodo dragon struggles to escape constriction.
Unknown command.
Casting: Borgnjor's Vile Clutch (safe; 6% risk of failure)
Confirm with . or Enter, or press ? or * to list all spells.
Aiming: Borgnjor's Vile Clutch (safe; 6% risk of failure)
Press: ? - help, Dir - move target cursor, p - komodo dragon You feel a surge of power!
Decaying hands burst forth from the earth!
Zombie hands grab the efreet.
The zombie hands constrict the komodo dragon.
The zombie hands constrict the efreet.
The komodo dragon struggles to escape constriction.
The efreet struggles to escape constriction.
Unknown command.
The zombie hands constrict the komodo dragon!
You kill the komodo dragon!
Sif Muna accepts your kill.
The zombie hands constrict the efreet.
The efreet struggles to escape constriction.
The zombie hands constrict the efreet.
The efreet escapes!
Casting: Borgnjor's Vile Clutch (safe; 6% risk of failure)
Confirm with . or Enter, or press ? or * to list all spells.
Aiming: Borgnjor's Vile Clutch (safe; 6% risk of failure)
Press: ? - help, Dir - move target cursor You feel a surge of power!
You miscast Borgnjor's Vile Clutch.
Sif Muna protects you from the effects of your miscast!
Casting: Borgnjor's Vile Clutch (safe; 6% risk of failure)
Confirm with . or Enter, or press ? or * to list all spells.
Aiming: Borgnjor's Vile Clutch (safe; 6% risk of failure)
Press: ? - help, Dir - move target cursor, f - efreet
Aim: an efreet, wielding a scimitar of flaming (lightly wounded)
You feel a surge of power!
Decaying hands burst forth from the earth!
Zombie hands grab the efreet.
The zombie hands constrict the efreet.
The efreet gestures at you. The bolt of fire hits you!
The fire burns you terribly!
* * * LOW HITPOINT WARNING * * *
The zombie hands constrict the efreet!
The efreet gestures at you.
The fireball explodes!
The fireball engulfs you! The fire burns you terribly!
You die...

#.# #..#.# ##.......##
##.###.# #.###.##.# ##.....##
#####.# #........# ##...##
#..# #####.#### ##+## #.##
#.# #.# #.# #.# #.# #.# ##.##
##.## #.# ##..§## ##...## #.#
#.....######.@...# #.#
#...>.§R(.......##### #.#
#....)######.....##.#######.#
##...## #.....#..........#
##### #........#.#######
#.....#.#.## #.....##.##
###.###### #<#


You could see an efreet.

Vanquished Creatures
  A fire dragon (D:13)
  3 centaur warriors
  3 two-headed ogres
  5 death yaks
  A tengu warrior (D:13)
  The ghost of VDreamerV the Martial Artist, a novice OpTm of Cheibriados (D:9)
  A sixfirhy (D:10)
  2 ugly things
  3 manticores
  Maurice (D:7)
  Psyche (D:8)
  A gargoyle (D:13)
  6 kobold demonologists (D:12)
  A spiny frog (D:6)
  A komodo dragon (D:13)
  A hydra zombie (D:7)
  4 trolls
  A meliai (shapeshifter) (D:13)
  7 slime creatures
  3 hippogriffs (D:8)
  Sigmund (D:6)
  2 vampires (D:13)
  17 yaks
  2 wraiths
  A steam dragon (D:11)
  3 hungry ghosts
  A human zombie (D:8)
  A water moccasin (D:11)
  A two-headed ogre skeleton (D:9)
  3 ice beasts
  2 black bears
  An eye of draining (D:5)
  6 sky beasts
  3 phantoms
  8 orc warriors
  6 ogres
  A manticore skeleton (D:8)
  10 centaurs
  A hippogriff zombie (D:8)
  9 big kobolds
  7 bullfrogs
  A cyclops skeleton (D:9)
  3 scorpions
  12 killer bees
  5 wights
  2 troll zombies
  3 howler monkeys
  3 centaur zombies (D:8)
  3 crimson imps
  6 hounds
  A quasit (D:10)
  6 jellies
  5 centaur skeletons
  A gnoll shaman (D:7)
  7 orc priests
  3 bullfrog skeletons
  3 iguanas
  14 orc wizards
  10 worker ants
  A big kobold zombie (D:8)
  2 sky beast zombies (D:8)
  2 ogre zombies
  An ogre skeleton (D:9)
  A hound zombie (D:6)
  A hound skeleton (D:5)
  5 gnolls
  11 adders
  5 orc zombies
  3 shadow imps
  An ooze (D:2)
  An adder zombie (D:6)
  5 adder skeletons
  3 orc skeletons
  2 worms
  3 dart slugs
  9 leopard geckos
  48 orcs
  2 giant cockroaches
  8 goblins
  10 hobgoblins
  10 jackals
  6 quokkas
  3 ball pythons
  2 ball python skeletons
  12 bats
  6 frilled lizards
  A jackal zombie (D:8)
  28 kobolds
  A kobold skeleton (D:8)
  2 leopard gecko zombies
  2 quokka skeletons
  A quokka zombie (D:10)
  8 rats
427 creatures vanquished.

Vanquished Creatures (collateral kills)
  The ghost of Totori the Changer, an amateur DrTm (D:4)
  Menkaure (D:6)
  An ogre (D:4)
  A bullfrog (D:4)
  A water moccasin skeleton (D:4)
  An adder (D:3)
  An orc (D:4)
7 creatures vanquished.

Vanquished Creatures (others)
  A quokka (D:6)
1 creature vanquished.

Grand Total: 435 creatures vanquished

Notes
Turn   | Place    | Note
-------+----------+-------------------------------------------
     0 | D:1      | Amnesiac the Mummy Wizard began the quest for the Orb.
     0 | D:1      | Reached XP level 1. HP: 13/13 MP: 5/5
   332 | D:2      | Reached XP level 2. HP: 20/20 MP: 0/7
   336 | D:2      | Learned a level 2 spell: Call Imp
   457 | D:3      | Reached skill level 1 in Fighting
   684 | D:4      | Found an opulent altar of Gozag.
   906 | D:4      | Reached XP level 3. HP: 11/27 MP: 2/8
   913 | D:4      | Learned a level 3 spell: Conjure Flame
   917 | D:4      | Learned a level 3 spell: Mephitic Cloud
  1033 | D:4      | Noticed an ogre
  1034 | D:4      | Noticed Totori's ghost (amateur DrTm)
  1047 | D:4      | Killed an ogre
  1047 | D:4      | Reached XP level 4. HP: 29/33 MP: 1/10
  1370 | D:4      | Killed Totori's ghost
  1370 | D:4      | Reached XP level 5. HP: 9/40 MP: 1/11
  1642 | D:4      | Found Caleysm's Book Boutique.
  1721 | D:3      | Found a bloodstained altar of Trog.
  1755 | D:4      | Reached XP level 6. HP: 22/47 MP: 8/12
  2186 | D:4      | Found Eshroj's Book Boutique.
  2292 | D:4      | Found an iron altar of Okawaru.
  2419 | D:4      | Found an ornate altar of the Wu Jian Council.
  2460 | D:4      | Reached skill level 5 in Dodging
  2460 | D:4      | Reached XP level 7. HP: 26/53 MP: 4/14
  2623 | D:5      | Entered Level 5 of the Dungeon
  2924 | D:5      | Reached skill level 5 in Spellcasting
  3013 | D:5      | Found a staircase to the Ecumenical Temple.
  3048 | Temple   | Entered the Ecumenical Temple
  3235 | Temple   | Became a worshipper of Kikubaaqudgha
  3270 | D:5      | Found a sparkling altar of Nemelex Xobeh.
  3270 | D:5      | Found a radiant altar of Vehumet.
  3842 | D:1      | Reached * piety under Kikubaaqudgha
  3842 | D:1      | Identified Kikubaaqudgha's Catalogue of Sinister Magic (Kikubaaqudgha gifted it to you on level 1 of the Dungeon)
  3842 | D:1      | Received a gift from Kikubaaqudgha
  4887 | D:3      | Reached ** piety under Kikubaaqudgha
  5322 | D:2      | Reached skill level 1 in Necromancy
  5362 | D:2      | Found a shimmering altar of Xom.
  5681 | D:5      | Found a hide-covered altar of Uskayaw.
  5919 | D:6      | Reached skill level 2 in Necromancy
  5919 | D:6      | Reached XP level 8. HP: 50/61 MP: 12/15
  6028 | D:6      | Learned a level 3 spell: Vampiric Draining
  6125 | D:6      | Noticed Menkaure
  6183 | D:6      | Reached skill level 5 in Fighting
  6242 | D:6      | Reached skill level 3 in Necromancy
  6256 | D:6      | HP: 3/63 [yak (11)]
  6257 | D:6      | Noticed a spiny frog
  6257 | D:6      | a yak changed into a spiny frog
  6623 | D:6      | Found a hazy altar of Hepliaklqana.
  6722 | D:6      | You fall through a shaft!
  6941 | D:6      | Reached skill level 4 in Necromancy
  6941 | D:6      | Reached XP level 9. HP: 35/69 MP: 6/16
  7072 | D:6      | Found a white marble altar of Elyvilon.
  7072 | D:6      | Noticed Sigmund
  7088 | D:6      | Killed Sigmund
  7553 | D:6      | Killed a spiny frog
  7930 | D:6      | Killed Menkaure
  8080 | D:6      | Learned a level 2 spell: Blink
  8427 | D:7      | Reached skill level 5 in Necromancy
  8558 | D:8      | Found a staircase to the Lair.
  8558 | D:8      | Noticed a death yak
  8558 | D:8      | Noticed a death yak
  8562 | D:8      | Noticed a death yak
  8603 | D:7      | Killed a death yak
  8684 | D:8      | Noticed Maurice
  8719 | D:7      | Killed Maurice
  8719 | D:7      | Reached *** piety under Kikubaaqudgha
  8719 | D:7      | Identified Kikubaaqudgha's Handbook of Sinister Rituals (Kikubaaqudgha gifted it to you on level 7 of the Dungeon)
  8719 | D:7      | Received a gift from Kikubaaqudgha
  8719 | D:7      | Reached XP level 10. HP: 79/79 MP: 0/17
  8738 | D:7      | Learned a level 5 spell: Dispel Undead
  8738 | D:7      | Fell from the grace of Kikubaaqudgha
  8821 | Temple   | Became a worshipper of Sif Muna the Loreminder
  8890 | D:8      | Noticed a death yak
  8891 | D:8      | Noticed a death yak
  8943 | D:7      | Killed a death yak
  9936 | D:8      | Reached skill level 6 in Necromancy
 10059 | D:8      | Noticed Psyche
 10068 | D:8      | Killed Psyche
 10202 | D:7      | Noticed a soul eater
 10424 | D:8      | Killed a death yak
 10424 | D:8      | Reached * piety under Sif Muna
 10424 | D:8      | Reached skill level 7 in Necromancy
 10530 | D:8      | Killed a death yak
 10539 | D:8      | Learned a level 5 spell: Agony
 10632 | D:8      | Reached skill level 8 in Necromancy
 10773 | D:8      | Noticed a soul eater
 11071 | D:7      | Noticed a reaper
 11309 | D:8      | Noticed a soul eater
 11832 | D:8      | Reached XP level 11. HP: 86/86 MP: 4/22
 12007 | D:8      | Noticed a two-headed ogre
 12088 | D:8      | Killed a two-headed ogre
 12088 | D:8      | Reached ** piety under Sif Muna
 12988 | D:9      | Reached skill level 9 in Necromancy
 13734 | D:9      | Noticed VDreamerV's ghost (novice OpTm)
 13756 | D:9      | Killed VDreamerV's ghost
 14580 | D:9      | Got an ancient flail
 14684 | D:9      | Identified the +4 flail of the Elven Halls {crush, rN+ Int+4 Stlth+} (You found it on level 9 of the Dungeon)
 15408 | D:10     | Entered Level 10 of the Dungeon
 15412 | D:10     | Noticed a green ugly thing
 15458 | D:9      | Noticed a soul eater
 16022 | D:10     | Reached skill level 10 in Necromancy
 16022 | D:10     | Noticed a soul eater
 16457 | D:10     | Killed a green ugly thing
 16484 | D:10     | Reached *** piety under Sif Muna
 16772 | D:10     | Noticed a two-headed ogre
 16786 | D:10     | Killed a two-headed ogre
 17417 | D:10     | Found a runed door.
 17422 | D:10     | Noticed a sixfirhy
 17440 | D:10     | Killed a death yak
 17537 | D:10     | Killed a sixfirhy
 17537 | D:10     | Reached skill level 11 in Necromancy
 17646 | D:11     | Noticed a green ugly thing
 17660 | D:11     | Killed a green ugly thing
 17660 | D:11     | Reached skill level 10 in Spellcasting
 17742 | D:11     | Learned a level 5 spell: Borgnjor's Vile Clutch
 17749 | D:11     | Reached **** piety under Sif Muna
 18248 | D:11     | Was forgiven by Kikubaaqudgha
 18414 | D:11     | Reached XP level 12. HP: 92/92 MP: 10/26
 18601 | D:11     | Reached skill level 12 in Necromancy
 19254 | D:12     | Noticed a two-headed ogre
 19540 | D:12     | Learned a level 1 spell: Pain
 19604 | D:12     | Reached skill level 13 in Necromancy
 19744 | D:12     | Killed a two-headed ogre
 19744 | D:12     | Reached ***** piety under Sif Muna
 19941 | D:12     | Identified Sif Muna's Collected Works on Unholy Orientation (Sif Muna gifted it to you on level 12 of the Dungeon)
 19941 | D:12     | Received a gift from Sif Muna
 20142 | D:12     | Reached skill level 1 in Invocations
 20155 | D:12     | Found a staircase to the Orcish Mines.
 20431 | D:12     | Learned a level 5 spell: Bolt of Draining
 20686 | D:13     | Noticed a fire dragon
 20686 | D:13     | Noticed a centaur warrior
 20695 | D:12     | Killed a centaur warrior
 21079 | D:12     | Reached skill level 5 in Invocations
 21803 | D:13     | Noticed a centaur warrior
 21807 | D:13     | Killed a centaur warrior
 21807 | D:13     | Gained mutation: You are in touch with the powers of death. [Mummy growth]
 21807 | D:13     | Reached XP level 13. HP: 64/98 MP: 27/28
 22075 | D:13     | Killed a fire dragon
 22358 | D:13     | Killed from afar by an efreet

Vault maps used:
D:1:      giann_horns, dk_noncrumbling_3, st_stairs_14
D:2:      first_ration, tgw_xom
D:3:      bloody_trog
D:4:      nicolae_gozag_seed_capital, kennysheep_mini_moat, old_standard_altar,
          serial_shops, shop, nicolae_shop_temple_entry_statues_fountains
D:5:      lemuel_round_altar, grunt_temple_overflow_open,
          minmay_temple_entry_enclosed_plants
D:6:      kennysheep_mini, elyvilon_altar_4, uniq_menkaure, uniq_sigmund
D:8:      hangedman_cross_stitches, dpeg_lair_monsters, uniq_psyche,
          uniq_maurice
D:9:      grunt_ogre_cave
D:10:     cheibrodos_shockbox
D:12:     david_orc_4
D:14:     hangedman_vaults_entry_quadrant_bands, serial_shops, shop_statue,
          lab_entry_generic, makhleb_altar_promises_db, uniq_snorg
Temple:   nicolae_temple_figure_eight

Skill      XL: |  1  2  3  4  5  6  7  8  9 10 11 12 13 |
---------------+----------------------------------------+-----
Dodging        | 2 3 4 5 6 7 9 |  9.6
Fighting       | 1 2 3 4 5 7 8 |  8.0
Spellcasting   | 5 7 10 11 | 11.5
Necromancy     | 2 4 5 8 11 13 | 13.0
Invocations    | 6 7 |  7.2
Stealth        | |  1.5
Conjurations   | |  0.7
Summonings     | |  0.7
Translocations | |  0.7

Action                   |  1- 3 |  4- 6 |  7- 9 | 10-12 | 13-15 || total
-------------------------+-------+-------+-------+-------+-------++-------
Melee: Dagger            |    16 |    44 |   534 |     2 |       ||   596
       Unarmed           |     3 |       |       |       |       ||     3
       Hunting sling     |       |       |       |     1 |       ||     1
       Flail             |       |       |       |   254 |       ||   254
       Staff             |       |       |       |   172 |       ||   172
 Fire: Hunting sling     |       |       |    23 |   354 |       ||   377
 Cast: Magic Dart        |    23 |    11 |     2 |       |       ||    36
       Call Imp          |    10 |    13 |     9 |     1 |       ||    33
       Conjure Flame     |       |     5 |    10 |    23 |       ||    38
       Mephitic Cloud    |       |     3 |    15 |     9 |       ||    27
       Vampiric Draining |       |       |    33 |    81 |       ||   114
       Dispel Undead     |       |       |       |    64 |     3 ||    67
       Agony             |       |       |       |    93 |     1 ||    94
       Blink             |       |       |       |     4 |       ||     4
       Borgnjor's Vile C |       |       |       |    37 |     4 ||    41
       Bolt of Draining  |       |       |       |    41 |     6 ||    47
Invok: Divine Energy     |       |       |       |     1 |       ||     1
       Renounce Religion |       |       |       |     1 |       ||     1
Evoke: Wand              |       |       |     2 |     7 |       ||     9
  Use: Scroll            |       |       |     8 |     3 |     1 ||    12
 Stab: Distracted        |     1 |       |       |       |       ||     1
       Sleeping          |       |     1 |    11 |     1 |       ||    13
       Confused          |       |     1 |     4 |       |       ||     5
Armor: Robe              |     1 |     6 |    70 |   104 |       ||   181
       Troll leather arm |       |       |       |    83 |     1 ||    84
Dodge: Dodged            |    13 |    35 |   384 |   940 |     2 ||  1374

Table legend:
 A = Spawn XP
 B = Non-spawn XP
 C = Spawn XP percentage of total XP
 D = Spawn monster count
 E = Non-spawn monster count
 F = Spawn count percentage of total count
 G = Total turns spent on level
                    A         B        C        D         E        F      G
               +---------+---------+-------+---------+---------+-------+---------
         Total |       0 |   41492 |   0.0 |       0 |     398 |   0.0 | 22358
               +---------+---------+-------+---------+---------+-------+---------
           D:1 |       0 |      47 |   0.0 |       0 |      28 |   0.0 |   787
           D:2 |       0 |     110 |   0.0 |       0 |      38 |   0.0 |  1193
           D:3 |       0 |      60 |   0.0 |       0 |      18 |   0.0 |  1258
           D:4 |       0 |     751 |   0.0 |       0 |      22 |   0.0 |  1551
           D:5 |       0 |     432 |   0.0 |       0 |      12 |   0.0 |   860
           D:6 |       0 |    2437 |   0.0 |       0 |      36 |   0.0 |  2087
           D:7 |       0 |    2889 |   0.0 |       0 |      18 |   0.0 |  1928
           D:8 |       0 |    5309 |   0.0 |       0 |      35 |   0.0 |  3232
           D:9 |       0 |    3150 |   0.0 |       0 |      36 |   0.0 |  3246
          D:10 |       0 |    4398 |   0.0 |       0 |      21 |   0.0 |  1231
          D:11 |       0 |    4468 |   0.0 |       0 |      33 |   0.0 |  1463
          D:12 |       0 |   10290 |   0.0 |       0 |      79 |   0.0 |  1879
          D:13 |       0 |    7151 |   0.0 |       0 |      22 |   0.0 |  1407
               +---------+---------+-------+---------+---------+-------+---------
